 Dungeon Crawl Stone Soup version 0.31.0-12-g77e489cdc1 (webtiles) character file.

Game seed: 15776485305054816834

2641 Doomgape the Covered (level 9, -1/58 HPs)
             Began as a Gargoyle Fighter on Feb 25, 2024.
             Was a Believer of Okawaru.
             Slain by a wight
             ... wielding a +0 halberd
              (4 damage)
             ... on level 7 of the Dungeon on Feb 26, 2024.
             The game lasted 00:17:16 (5901 turns).

Doomgape the Covered (Gargoyle Fighter)             Turns: 5901, Time: 00:17:16

Health: -1/58      AC: 19    Str: 26    XL:     9   Next: 61%
Magic:  9/9        EV:  6    Int:  9    God:    Okawaru [**....]
Gold:   273        SH:  9    Dex:  9    Spells: 8/8 levels left

rFire   . . .        e - +6 club (spect)
rCold   . . .        b - +0 kite shield
rNeg    + . .        A - +0 plate armour
rPois   ∞            (no helmet)
rElec   +            (no cloak)
rCorr   .            (no gloves)
SInv    .            (no boots)
Will    .....        s - amulet "Gynyer" {RegenMP Str+2} Stlth
                     (no ring)
HPRegen 0.29/turn    (no ring)
MPRegen 0.51/turn

%: no passive effects
@: no status effects
A: sickness immunity, AC +6, negative energy resistance 1, electricity
resistance, torment resistance 1, petrification resistance
a: Renounce Religion, Heroism


You were on level 7 of the Dungeon.
You worshipped Okawaru.
Okawaru was pleased with you.
You visited 2 branches of the dungeon, and saw 8 of its levels.

You collected 273 gold pieces.

Inventory:

Hand Weapons
 e - a +6 spectral club (weapon)
 w - a +4 morningstar
Armour
 b - a +0 kite shield (worn)
 A - a +0 plate armour (worn)
Jewellery
 s - the amulet "Gynyer" (around neck) {RegenMP Str+2}
   (You found it on level 4 of the Dungeon)

   [amulet of magic regeneration]

   RegenMP:   It increases your rate of magic regeneration.
   Str+2:     It affects your strength (+2).
 u - a ring of positive energy
Wands
 g - a wand of charming (6)
 p - a wand of polymorph (19)
Scrolls
 c - a scroll of teleportation
 f - 3 scrolls of revelation
 h - a scroll of fear
 j - 3 scrolls of fog
 k - 10 scrolls of identify
 l - a scroll of blinking
 x - a scroll of brand weapon
 y - a scroll of enchant armour {unknown}
 z - a scroll of amnesia
Potions
 a - a potion of magic {unknown}
 d - a potion of might
 m - a potion of enlightenment {unknown}
 n - a potion of ambrosia {unknown}
 o - 5 potions of curing {unknown}
 q - 2 potions of heal wounds {unknown}
 r - a potion of mutation {unknown}
 t - a potion of berserk rage
 v - a potion of cancellation {unknown}


   Skills:
 + Level 7.7 Fighting
 + Level 6.6 Maces & Flails
 + Level 7.8 Armour
 + Level 7.7 Shields


You had 8 spell levels left.
You didn't know any spells.
Your spell library contained the following spells:

 Spells                   Type           Power      Damage    Failure   Level
 Necrotise                Necr           0%         1d4       100%        1
 Mercury Vapours          Alch/Air       0%         N/A       100%        2
 Mephitic Cloud           Conj/Alch/Air  0%         N/A       100%        3
 Vampiric Draining        Necr           0%         2d6       100%        3
 Olgreb's Toxic Radiance  Alch           0%         N/A       100%        4
 Curse of Agony           Necr           0%         N/A       100%        5
 Freezing Cloud           Conj/Ice/Air   0%         6-21      100%        5
 Call Imp                 Summ           Unusable   N/A       N/A         2
 Sublimation of Blood     Necr           Unusable   N/A       N/A         2
 Martyr's Knell           Necr/Summ      Unusable   N/A       N/A         4
 Summon Mana Viper        Hex/Summ       Unusable   N/A       N/A         5
 Spellforged Servitor     Conj/Summ      Unusable   N/A       N/A         7
 Summon Hydra             Summ           Unusable   N/A       N/A         7

Dungeon Overview and Level Annotations

Branches:
Dungeon (7/15)             Temple (1/1) D:4

Altars:
Ashenzari
Cheibriados
Dithmenos
Fedhas
Gozag
Kikubaaqudgha
Makhleb
Okawaru
Qazlal
Ru
Sif Muna
Trog
Uskayaw
Vehumet
Wu Jian
Xom
Yredelemnul


Innate Abilities, Weirdness & Mutations

You are immune to sickness and miasma.
Your stone body is resilient. (AC +6)
You are immune to poison.
You resist negative energy. (rN+)
You are resistant to electric shocks. (rElec)
You are resistant to unholy torment.
You are immune to petrification.


Message History

The wight completely misses your +6 spectral club.
You hit the wight.
You destroy the wight!
Okawaru accepts your kill.
Your +6 spectral club disappears.
The wight hits you with a +0 hand axe.
The wight hits you from afar with a +0 halberd.
Unknown command.
You hit the wight.
The wight is moderately damaged.
Your +6 spectral club closely misses the wight.
The wight hits you but does no damage.
The wight hits your +6 spectral club with a +0 hand axe.
Your spectral weapon shares its damage with you!
You block the wight's attack.
You completely miss the wight.
The wight is moderately damaged.
Your +6 spectral club closely misses the wight.
The wight hits you but does no damage. You block the wight's attack.
Unknown command.
You hit the wight.
The wight is severely damaged.
Your +6 spectral club barely misses the wight.
The wight hits you but does no damage.
The wight misses your +6 spectral club.
The wight hits you from afar with a +0 halberd!
* * * LOW HITPOINT WARNING * * *
Unknown command.
You hit the wight.
The wight is almost destroyed.
Your +6 spectral club hits the wight.
You destroy the wight!
Okawaru accepts your kill.
Something hits your +6 spectral club.
Your spectral weapon shares its damage with you!
* * * LOW HITPOINT WARNING * * *
You block the wight's attack.
Your +6 spectral club disappears.
The wight attacks as it pursues you!
The wight hits you from afar with a +0 halberd.
You die...

#....### #..#.....
#....#..###..#.....
#....#.......###'##
#....#.............
#....#.......<.....
+#######....#...##..##..##
...........##...##..##..#.
...........#....'...#..)#.
.........@.'....#...#...#.
.......).).#..#########'#.
#######z#######..........#
#<....z.# #...........
#.....z.# #.......~.~.
##..##.## #......~~~P~ ###
## ##....#.P♣~.
#....###### #....#


You could see a wight.

Vanquished Creatures
  Prince Ribbit (D:6)
  Sigmund (D:2)
  A steam dragon (D:7)
  A water moccasin (D:6)
  2 orc warriors
  3 sky beasts (D:6)
  A phantom (D:5)
  A bullfrog (D:6)
  4 scorpions
  6 wights
  A howler monkey (D:6)
  3 hounds
  Crazy Yiuf (D:3)
  A bombardier beetle (D:4)
  3 jellies
  3 orc priests
  Terence (D:3)
  Jessica (D:3)
  4 iguanas
  Ijyb (D:3)
  3 orc wizards
  A gnoll (D:4)
  12 adders
  A shadow imp (D:6)
  5 ribbon worms
  A dart slug (D:2)
  16 orcs
  5 ball pythons
  9 bats
  4 endoplasms
  3 giant cockroaches
  10 goblins
  16 hobgoblins
  10 jackals
  7 kobolds
  2 quokkas
  A frilled lizard (D:1)
  4 rats
150 creatures vanquished.

Notes
Turn   | Place    | Note
-------+----------+-------------------------------------------
     0 | D:1      | Doomgape the Gargoyle Fighter began the quest for the Orb.
     0 | D:1      | Reached XP level 1. HP: 14/14 MP: 1/1
   252 | D:1      | Reached XP level 2. HP: 18/19 MP: 2/2
   753 | D:1      | Reached XP level 3. HP: 23/23 MP: 3/3
  1281 | D:2      | Reached XP level 4. HP: 29/29 MP: 4/4
  1486 | D:2      | Got the Quarto of the Transforming Legion
  1629 | D:2      | Found a faded altar of an unknown god.
  1629 | D:2      | Noticed Sigmund
  1658 | D:2      | Killed Sigmund
  1659 | D:2      | Reached XP level 5. HP: 18/34 MP: 5/5
  1659 | D:2      | Reached XP level 6. HP: 21/39 MP: 6/6
  1910 | D:3      | Found a radiant altar of Vehumet.
  1911 | D:3      | Found a snail-covered altar of Cheibriados.
  1917 | D:3      | Found an opulent altar of Gozag.
  1919 | D:3      | Found a shimmering altar of Xom.
  1945 | D:3      | Found a shadowy altar of Dithmenos.
  1945 | D:3      | Found a broken altar of Ashenzari.
  1945 | D:3      | Found a shimmering blue altar of Sif Muna.
  1945 | D:3      | Found an iron altar of Okawaru.
  1949 | D:3      | Found a stormy altar of Qazlal.
  1950 | D:3      | Found a hide-covered altar of Uskayaw.
  2169 | D:3      | Noticed Jessica
  2173 | D:3      | Killed Jessica
  2339 | D:3      | Reached skill level 5 in Fighting
  2339 | D:3      | Reached skill level 5 in Armour
  2339 | D:3      | Reached skill level 5 in Shields
  2444 | D:3      | Noticed Ijyb
  2452 | D:3      | Killed Ijyb
  2453 | D:3      | Reached XP level 7. HP: 39/44 MP: 7/7
  2489 | D:3      | Noticed Terence
  2499 | D:3      | Killed Terence
  2598 | D:3      | Found a runed translucent door.
  2599 | D:3      | Noticed Crazy Yiuf
  2606 | D:3      | Killed Crazy Yiuf
  3210 | D:4      | Found a staircase to the Ecumenical Temple.
  3214 | Temple   | Entered the Ecumenical Temple
  3292 | D:3      | Became a worshipper of Warmaster Okawaru
  3470 | D:4      | HP: 1/66 [orc warrior/+0 halberd (5)]
  3867 | D:4      | Identified the amulet "Gynyer" {RegenMP Str+2}
  3930 | D:5      | Entered Level 5 of the Dungeon
  3937 | D:5      | Reached XP level 8. HP: 46/51 MP: 8/8
  3961 | D:5      | Reached * piety under Okawaru
  4174 | D:5      | Reached skill level 5 in Maces & Flails
  4864 | D:6      | Reached ** piety under Okawaru
  4964 | D:6      | Reached XP level 9. HP: 56/56 MP: 9/9
  5558 | D:6      | Noticed Prince Ribbit
  5574 | D:6      | Killed Prince Ribbit
  5901 | D:7      | Slain by a wight

Illustrated notes

Levels and vault maps discovered:
D:1:      scummos_arrival_star, layout_loops_corners, reono_crystal_passage
D:2:      layout_loops_ring, ebering_ecumenical_altar_sacrificial,
          minmay_pentomino_t4, uniq_sigmund
D:3:      layout_basic, minitemple, uniq_ijyb, uniq_terence,
          uniq_crazy_yiuf_cottage, uniq_jessica
D:4:      kennysheep_big_flooded_room, layout_gridville,
          minmay_temple_entry_glassed_door, minmay_fractal_squares_diagonal_5
D:5:      layout_basic
D:6:      layout_loops_ring, portal_sewer_entry_d,
          serial_library_hellmonk_semicircle, grunt_ministairs_9,
          uniq_prince_ribbit1
D:7:      layout_gridville, marbit_many_paths, minmay_misc_feat_hallway,
          serial_bayou_pond_e, minmay_misc_feat_iff, uniq_maurice
Temple:   hellmonk_temple_two_chambers

Skill      XL: |  1  2  3  4  5  6  7  8  9 |
---------------+----------------------------+-----
Shields        | 4 5 6 7 |  7.7
Fighting       | 4 5 6 7 |  7.7
Armour         | 4 5 6 7 |  7.8
Maces & Flails | 3 4 5 6 |  6.6

Action                     |  1- 3 |  4- 6 |  7- 9 || total
---------------------------+-------+-------+-------++-------
  Melee: Flail             |   135 |   114 |       ||   249
         Club              |       |    25 |   294 ||   319
    Use: Scroll            |       |     8 |     3 ||    11
         Potion            |       |       |     1 ||     1
   Stab: Distracted        |       |       |     3 ||     3
 Armour: Scale mail        |   110 |   103 |   119 ||   332
         Plate armour      |       |       |    67 ||    67
  Dodge: Dodged            |    71 |    62 |    74 ||   207
  Block: Buckler           |    36 |    26 |     6 ||    68
         Kite shield       |       |       |   115 ||   115
